 Dungeon Crawl Stone Soup version 0.28.0 (webtiles) character file.

Game seed: 18430936954527830256

8889 Illumine the Cleaver (level 11, -15/97 HPs)
             Began as a Minotaur Monk on Feb 15, 2022.
             Was a Believer of Ru.
             Demolished by an orc knight (20 damage)
             ... on level 10 of the Dungeon.
             The game lasted 00:13:24 (12940 turns).

Illumine the Cleaver (Minotaur Monk)               Turns: 12940, Time: 00:13:24

Health: -15/97     AC: 20    Str: 27    XL:     11   Next: 15%
Magic:  10/10      EV:  9    Int:  5    God:    Ru [**....]
Gold:   287        SH:  0    Dex: 12    Spells: 10/10 levels left

rFire   . . .      SeeInvis .   P - +0 broad axe
rCold   . . .      Faith    .   (no shield)
rNeg    . . .      Spirit   .   L - +0 plate armour
rPois   +          Reflect  .   (helmet restricted)
rElec   .          Harm     .   z - +0 cloak
rCorr   .          Rampage  .   u - +0 pair of gloves
Will    .....                   g - +2 pair of boots
Stlth   ..........              (no amulet)
HPRegen 0.26/turn               s - +6 ring of strength
MPRegen 0.12/turn               r - ring of poison resistance

@: mighty, marked, unable to read
A: horns 2, dopey 1, inability to read while threatened, no stealth, retaliatory
headbutt
a: Renounce Religion


You were on level 10 of the Dungeon.
You worshipped Ru.
Ru was pleased with you.
You visited 3 branches of the dungeon, and saw 12 of its levels.
You also visited: Bailey.

You collected 507 gold pieces.
You spent 220 gold pieces at shops.

Inventory:

Hand Weapons
 D - a +3 scimitar of flaming
 E - a +4 dire flail
 P - a +0 broad axe (weapon)
Missiles
 k - 7 javelins
 C - a throwing net
 M - 26 boomerangs (quivered)
Armour
 g - a +2 pair of boots (worn)
 q - an orb of mayhem
 t - a +1 leather armour of fire resistance
 u - a +0 pair of gloves (worn)
 z - a +0 cloak (worn)
 L - a +0 plate armour (worn)
Jewellery
 a - a +4 ring of evasion
 b - a ring of fire
 c - a +4 ring of protection
 i - a ring of wizardry
 l - a ring of protection from cold
 p - a ring of fire
 r - a ring of poison resistance (right hand)
 s - a +6 ring of strength (left hand)
Wands
 f - a wand of mindburst (4)
 v - a wand of digging (3)
 y - a wand of flame (12)
 A - a wand of charming (12)
 B - a wand of polymorph (4)
 H - a wand of iceblast (5)
 K - a wand of paralysis (7)
Scrolls
 h - 2 scrolls of blinking
 m - 4 scrolls of teleportation
 n - 2 scrolls of vulnerability {unknown}
 w - 2 scrolls of fear {unknown}
 x - a scroll of silence {unknown}
 I - a scroll of enchant armour {unknown}
 O - 2 scrolls of summoning {unknown}
 Q - 3 scrolls of identify
Potions
 d - 4 potions of curing
 e - 2 potions of cancellation
 j - a potion of might
 o - a potion of lignification
 G - 3 potions of flight {unknown}
 J - 2 potions of mutation {unknown}
 N - 2 potions of brilliance {unknown}
Miscellaneous
 F - a phial of floods


   Skills:
 + Level 9.3 Fighting
 * Level 14.4 Axes
 + Level 1.7 Throwing
 + Level 9.7 Armour
 - Level 5.7 Dodging
 + Level 4.1 Evocations


You had 10 spell levels left.
You didn't know any spells.
Your spell library contained the following spells:

 Spells                   Type           Power      Damage    Failure   Level
 Sting                    Tmut/Pois      0%         1d3       99%         1
 Passwall                 Tmut/Erth      0%         N/A       100%        2
 Poisonous Vapours        Pois/Air       0%         N/A       100%        2
 Sublimation of Blood     Necr           0%         N/A       100%        2
 Call Canine Familiar     Summ           0%         N/A       100%        3
 Portal Projectile        Hex/Tloc       0%         N/A       100%        3
 Ice Form                 Ice/Tmut       0%         N/A       100%        4
 Leda's Liquefaction      Hex/Erth       0%         N/A       100%        4
 Olgreb's Toxic Radiance  Pois           0%         N/A       100%        4
 Petrify                  Tmut/Erth      0%         N/A       100%        4
 Irradiate                Conj/Tmut      0%         3d13      100%        5
 Storm Form               Tmut/Air       0%         N/A       100%        7


Dungeon Overview and Level Annotations

Branches:
Dungeon (10/15)            Temple (1/1) D:4             Orc (1/2) D:10
 Bailey (visited)
   Lair: D:8-11

Altars:
Ashenzari
Dithmenos
Elyvilon
Hepliaklqana
Makhleb
Nemelex Xobeh
Ru
Sif Muna
Trog
Uskayaw
Vehumet
Wu Jian
Xom
Yredelemnul
Zin
The Shining One
Beogh

Shops:
D:3 =   D:4 ==(*(   D:8 =::?

Annotations:
D:3 3 runed translucent doors, Boromir's ghost, amateur MiFi
D:4 1 runed translucent door, porkupine's ghost, novice DrCj
D:10 Fannar


Innate Abilities, Weirdness & Mutations

You have a pair of horns on your head.
You are dopey. (Int -2)
You sometimes lose the ability to read scrolls when taking damage.
You cannot be stealthy.
You reflexively headbutt those who attack you in melee.


Message History

The orc hits you but does no damage.
You hear some strange, mumbled words.
Something tries to affect you, but you resist.
The orc knight roars a battlecry!
The orcs go into a battle-frenzy!
The orc hits you but does no damage.
There is a staircase back to the Dungeon here.
The orc closely misses you. x2; You furiously retaliate!
You headbutt the orc!
You kill the orc!
The orc knight hits you with a +3 battleaxe!
You climb upwards.
Welcome back to the Dungeon!
Level annotation: Fannar Reactivating autopickup.
There is a staircase to the Orcish Mines, spattered with blood here.
Items here: )) [[.
You hit the orc knight but do no damage.
You hit the orc. The orc barely misses you.
The orc knight hits you but does no damage.
Unknown command.
You slice the orc knight!!
The orc knight is moderately wounded.
You slash the orc!
You kill the orc!
The orc knight hits you with a +3 battleaxe!
You closely miss the orc knight.
The orc knight is moderately wounded.
The orc knight hits you with a +3 battleaxe!
You feel threatened and lose the ability to read scrolls!
You hit the orc knight but do no damage.
The orc knight is moderately wounded.
The orc knight hits you with a +3 battleaxe!!
You feel very mighty all of a sudden.
The orc knight hits you with a +3 battleaxe!!
* * * LOW HITPOINT WARNING * * *
You hit the orc knight but do no damage.
The orc knight is moderately wounded.
You slash the orc knight!
The orc knight is heavily wounded.
The orc knight hits you with a +3 battleaxe!!
You die...

... #†.# .#####.........# ....
#..# ...............# .....
#.##### ##.##.........#
..PP..##)#...# #...#.........#
.P.P..††.).8.# ##.8...........#
.P.PP.###.#.).####....###.......#
.... #.##.#'##.'.### #.......#
.P. ..##.##)....# #.......# ...
#####.##o@...# #.......# ...
#.#[[[)..# ....... ...
##..'###'.### .... ...
#...####....# ... #.8.).[...8.#
.... ... #...####....# ..... ##
##.#######.## ....
........[..####..[.
.........).......#


You could see an orc knight.

Vanquished Creatures
  Harold (D:8)
  Erolcha (D:10)
  A tengu warrior (D:9)
  Urug (D:10)
  An orc knight (Bailey)
  A tengu conjurer (D:9)
  A shadow (D:9)
  2 steam dragons
  6 yaks
  5 water moccasins
  9 orc warriors
  A hornet zombie (D:7)
  An ice beast (D:6)
  3 necrophages
  A sky beast (D:5)
  2 ogres
  A centaur (D:7)
  2 gnoll sergeants
  5 bullfrogs
  4 scorpions
  3 killer bees (D:9)
  A bullfrog zombie (D:5)
  5 centaur zombies
  2 hounds (D:5)
  3 jellies
  6 orc priests
  A bullfrog skeleton (D:6)
  An iguana (D:5)
  8 orc wizards
  9 gnolls
  8 adders
  A shadow imp (D:6)
  An ufetubus (D:4)
  2 worms (D:2)
  2 dart slugs (D:3)
  94 orcs
  6 endoplasms
  3 giant cockroaches
  14 goblins
  8 hobgoblins
  2 jackals (D:2)
  A quokka (D:4)
  5 ball pythons
  3 bats
  14 kobolds
  3 rats
255 creatures vanquished.

Vanquished Creatures (others)
  A wyvern (D:8)
  A yak (D:8)
  A white imp (D:7)
  7 fungi (D:10)
  3 plants (D:10)
13 creatures vanquished.

Grand Total: 268 creatures vanquished

Notes
Turn   | Place    | Note
-------+----------+-------------------------------------------
     0 | D:1      | Illumine the Minotaur Monk began the quest for the Orb.
     0 | D:1      | Reached XP level 1. HP: 19/19 MP: 0/0
   510 | D:1      | Reached skill level 4 in Axes
   595 | D:1      | Reached skill level 1 in Armour
   595 | D:1      | Reached XP level 2. HP: 25/26 MP: 1/1
   777 | D:1      | Found a faded altar of an unknown god.
  1110 | D:2      | Noticed a scorpion
  1119 | D:2      | Reached XP level 3. HP: 15/31 MP: 2/2
  1119 | D:2      | Killed a scorpion
  1120 | D:2      | Reached skill level 5 in Axes
  1120 | D:2      | Reached XP level 4. HP: 19/39 MP: 3/3
  1441 | D:2      | Identified the +7 whip "Dualaunk" {pain, rN+ Will+}
  1494 | D:2      | Found a basalt altar of Yredelemnul.
  1512 | D:2      | Got the Catalogue of Ashen Transmigration
  1777 | D:3      | Found Gecvy's Jewellery Emporium.
  1991 | D:3      | Found a bloodstained altar of Trog.
  2085 | D:3      | Reached skill level 6 in Axes
  2180 | D:3      | Reached XP level 5. HP: 41/45 MP: 4/4
  2298 | D:3      | Found a runed translucent gate.
  2298 | D:3      | Found a runed translucent gate.
  2298 | D:3      | Found a runed translucent gate.
  2298 | D:3      | Noticed Boromir's ghost (amateur MiFi)
  2563 | D:4      | Found Pocwe's Assorted Antiques.
  2845 | D:4      | Found a runed translucent door.
  2881 | D:4      | Noticed a necrophage
  2894 | D:4      | Killed a necrophage
  2895 | D:4      | Reached skill level 7 in Axes
  2895 | D:4      | Reached XP level 6. HP: 47/51 MP: 5/5
  2945 | D:4      | Found Datutyac's Weapon Emporium.
  2954 | D:4      | Found a staircase to the Ecumenical Temple.
  3054 | D:4      | Noticed porkupine's ghost (novice DrCj)
  3142 | D:4      | Found Ilehid's Weapon Shoppe.
  3196 | D:4      | Found Orhu Dez's Jewellery Emporium.
  3562 | D:4      | Found Fozxuz's Jewellery Shop.
  3717 | D:5      | Entered Level 5 of the Dungeon
  3738 | D:4      | HP: 2/51 [poisoned by a gnoll sergeant]
  4055 | D:5      | Noticed a yak
  4055 | D:5      | Noticed a yak
  4055 | D:5      | Noticed a yak
  4376 | D:5      | Reached skill level 8 in Axes
  4482 | D:5      | Reached XP level 7. HP: 38/57 MP: 6/6
  4696 | D:6      | Reached skill level 5 in Armour
  5031 | D:6      | Reached skill level 9 in Axes
  5309 | D:6      | Found a radiant altar of Vehumet.
  5451 | Temple   | Entered the Ecumenical Temple
  5778 | Temple   | Became a worshipper of Ru the Awakened
  5779 | Temple   | Gained mutation: You sometimes lose the ability to read
                  | scrolls when taking damage. [Ru sacrifice]
  5779 | Temple   | Reached * piety under Ru
  6043 | D:5      | Killed a yak
  6044 | D:5      | Reached XP level 8. HP: 60/67 MP: 7/7
  6048 | D:5      | Reached skill level 5 in Fighting
  6048 | D:5      | Reached skill level 10 in Axes
  6249 | D:5      | Reached skill level 11 in Axes
  6578 | D:7      | Reached XP level 9. HP: 76/78 MP: 8/8
  6851 | D:7      | Reached skill level 12 in Axes
  6938 | D:7      | Found a hide-covered altar of Uskayaw.
  7093 | D:7      | Found a sparkling altar of Nemelex Xobeh.
  7312 | D:8      | Found Isusuesu's Magic Scroll Emporium.
  7692 | D:8      | Found Worphef's Book Boutique.
  7882 | D:8      | Reached skill level 1 in Evocations
  7921 | D:8      | Noticed Harold
  7931 | D:8      | Killed Harold
  8149 | D:8      | Found Cyesitt's Jewellery Boutique.
  8166 | D:8      | Reached XP level 10. HP: 73/88 MP: 9/9
  8173 | D:8      | Reached skill level 13 in Axes
  8621 | D:8      | Found Dakhuon's Book Emporium.
  8758 | D:9      | Noticed a cacodemon
  8759 | D:9      | Found a burning altar of Makhleb.
  8764 | D:9      | Found a glowing silver altar of Zin.
  8764 | D:9      | Noticed an angel
  9127 | D:9      | Gained mutation: You cannot be stealthy. [Ru sacrifice]
  9127 | D:9      | Reached ** piety under Ru
  9205 | D:9      | Noticed a tengu warrior
  9218 | D:9      | Reached skill level 5 in Dodging
  9221 | D:9      | Killed a tengu warrior
  9870 | D:10     | Entered Level 10 of the Dungeon
 10272 | D:10     | Found a flagged portal.
 10291 | Bailey   | Entered a bailey
 10305 | Bailey   | Noticed an orc warlord
 10365 | Bailey   | Noticed an orc knight
 10387 | Bailey   | Killed an orc knight
 10388 | Bailey   | Reached skill level 14 in Axes
 10616 | Bailey   | Found a runed translucent gate.
 10618 | Bailey   | Found a runed translucent gate.
 10620 | Bailey   | Found a runed translucent gate.
 10820 | D:10     | Found a staircase to the Orcish Mines.
 10838 | D:10     | Noticed Erolcha
 10845 | D:10     | Killed Erolcha
 10846 | D:10     | Reached skill level 1 in Throwing
 10895 | D:10     | Reached XP level 11. HP: 82/97 MP: 10/10
 11420 | D:3      | Bought a ring of poison resistance for 220 gold pieces
 11655 | D:5      | Found a shimmering altar of Xom.
 11837 | D:10     | Noticed Urug
 11976 | D:10     | Killed Urug
 12273 | D:10     | Gained mutation: You are dopey. (Int -2) [Ru sacrifice]
 12308 | D:10     | Noticed Fannar
 12720 | Orc:1    | Entered Level 1 of the Orcish Mines
 12906 | Orc:1    | Noticed an orc knight
 12940 | D:10     | Demolished by an orc knight

Illustrated notes

Levels and vault maps discovered:
D:1:      dpeg_arrival_tiny_b, layout_basic, shapermc_ecumenical_altar_venn
D:2:      layout_rooms, basic_altar, minmay_misc_feat_columns
D:3:      layout_loops_ring, overflow_temple_1_default, serial_shops,
          nicolae_shop_crystal, ebering_ghost_rock_garden, minmay_quantized
D:4:      layout_loops_cross, minmay_temple_entry_mini_moons, serial_shops,
          nicolae_lakefront_shop, shop, nicolae_stop_n_shop_1,
          nicolae_shop_bloodbath_and_beyond, nicolae_square_shop,
          hellmonk_ghost_happy_afterlife
D:5:      layout_cave_pools, mainiacjoe_overflow_alcove_1, kennysheep_nub
D:6:      layout_rooms, vehumet_crystals
D:7:      layout_loops_cross, general_overflow_altar,
          nemelex_diamond_rough_becter
D:8:      layout_loops_ring, serial_shops, kennysheep_mini,
          nicolae_stop_n_shop_1, shop, nicolae_shop_hallway_stairs, uniq_harold
D:9:      layout_long_grid, grunt_temple_overflow_order_and_chaos_2,
          special_room [special_room_orc]
D:10:     layout_irregular_city, grunt_temple_overflow_open,
          grunt_lair_entry_orc_guard_hut, hiddenorc2_lemuel, enter_bailey_4,
          uniq_joseph, uniq_erolcha, uniq_fannar, uniq_urug
Temple:   compressed_dpeg_triangle_lava_temple
Orc:1:    layout_caves

Skill      XL: |  1  2  3  4  5  6  7  8  9 10 11 |
---------------+----------------------------------+-----
Axes           | 4 5 6 7 8 9 11 12 14 | 14.4
Armour         | 1 2 3 4 5 7 8 9 |  9.7
Fighting       | 4 6 7 9 |  9.3
Evocations     | 2 3 4 |  4.1
Dodging        | 4 5 |  5.7
Stealth        | 0 |  0.0
Throwing       | 1 |  1.7

Action                   |  1- 3 |  4- 6 |  7- 9 | 10-12 || total
-------------------------+-------+-------+-------+-------++-------
Melee: Hand axe          |    65 |   164 |   108 |       ||   337
       Headbutt          |     8 |    26 |    58 |    44 ||   136
       Punch             |       |     2 |     1 |     4 ||     7
       War axe           |       |       |   119 |   170 ||   289
       Broad axe         |       |       |       |    82 ||    82
Throw: Boomerang         |       |       |       |     3 ||     3
Invok: Sacrifice Words   |       |       |     1 |       ||     1
       Sacrifice Stealth |       |       |       |     1 ||     1
       Sacrifice Purity  |       |       |       |     1 ||     1
  Use: Potion            |       |     2 |     1 |     5 ||     8
       Scroll            |       |       |     8 |       ||     8
 Stab: Sleeping          |     2 |     1 |     1 |       ||     4
       Invisible         |       |       |       |     3 ||     3
       Distracted        |       |       |       |     1 ||     1
Armor: Leather armour    |    20 |    42 |    91 |    51 ||   204
       Plate armour      |       |       |       |    89 ||    89
Dodge: Dodged            |    43 |   113 |   119 |   120 ||   395
